TEX
TULSA DRILLERS @ FRISCO ROUGHRIDERS
07/13/2099
 
TOP OF THE 1ST
Tulsa Drillers batting - Pitching for Frisco RoughRiders : RHP Arturo Segura
Pitching: RHP Arturo Segura
Batting: LHB Tim Moore 0-0: Called Strike
0-1: Ball
1-1: Swinging Strike
1-2: Ground out 4-3 (Groundball, 4, EV 88.8 MPH)
Batting: LHB Mike Saunders 0-0: Foul Ball, location: 2F
0-1: Ball
1-1: Foul Ball, location: 25F
1-2: Ball
2-2: Strikes out looking
Batting: RHB Matt Pettit 0-0: Ball
1-0: Called Strike
1-1: Ground out 6-3 (Groundball, 6M, EV 81.9 MPH)
Top of the 1st over - 0 runs, 0 hits, 0 errors, 0 left on base; Tulsa 0 - Frisco 0
BOTTOM OF THE 1ST
Frisco RoughRiders batting - Pitching for Tulsa Drillers : LHP Bill Whitcomb
Pitching: LHP Bill Whitcomb
Batting: RHB Zach Baltzell 0-0: Ball
1-0: Ball
2-0: Called Strike
2-1: Swinging Strike
2-2: Strikes out looking
Batting: RHB Jason Perilli 0-0: Ball
1-0: Foul Ball, location: 2F
1-1: Foul Ball, location: 25F
1-2: Strikes out swinging
Batting: SHB Pablo Cuevas 0-0: Swinging Strike
0-1: Ball
1-1: Ball
2-1: Ball
3-1: Base on Balls
Batting: LHB Paul Rodriguez 0-0: Called Strike
0-1: SINGLE (Line Drive, 7S, EV 110.6 MPH)
Pablo Cuevas to second
Batting: RHB Mark Bray 0-0: Ground out 4-3 (Groundball, 34, EV 81.3 MPH)
Bottom of the 1st over - 0 runs, 1 hit, 0 errors, 2 left on base; Tulsa 0 - Frisco 0
TOP OF THE 2ND
Tulsa Drillers batting - Pitching for Frisco RoughRiders : RHP Arturo Segura
Batting: LHB Russ Henson 0-0: Ball
1-0: Ball
2-0: Called Strike
2-1: Foul Ball, location: 2F
2-2: Reached on error, E3 (Groundball, 3, EV 83.1 MPH)
Batting: LHB Greg Schlitt 0-0: Called Strike
0-1: Foul Ball, location: 2F
0-2: Ball
1-2: Ball
2-2: Strikes out swinging
Batting: RHB Mike Buckner 0-0: Ball
1-0: Swinging Strike
1-1: Fly out, F9 (Flyball, 9, EV 87.5 MPH)
Batting: LHB Aaron Himebauch 0-0: Ball
1-0: Foul Ball, location: 2F
1-1: Foul Ball, location: 7LMF
1-2: Foul Ball, location: 3DF
1-2: Strikes out swinging
Top of the 2nd over - 0 runs, 0 hits, 1 error, 1 left on base; Tulsa 0 - Frisco 0
BOTTOM OF THE 2ND
Frisco RoughRiders batting - Pitching for Tulsa Drillers : LHP Bill Whitcomb
Batting: RHB Bryan Shewmaker 0-0: Called Strike
0-1: Ball
1-1: Ball
2-1: Ball
3-1: Base on Balls
Batting: RHB Joe Keyser 0-0: Called Strike
0-1: Swinging Strike
0-2: Strikes out swinging
Batting: LHB Jaden White 0-0: SINGLE (Line Drive, 9LS, EV 96.9 MPH)
Bryan Shewmaker to second
Batting: RHB Edgar Rodriguez 0-0: Ball
1-0: Foul Ball, location: 9LMF
1-1: Swinging Strike
1-2: DOUBLE (Line Drive, 9LM, EV 101.9 MPH)
Bryan Shewmaker scores
Jaden White to third
Runner from 3rd tries for Home, SAFE, no throw by RF
Batting: RHB Zach Baltzell 0-0: Ball
1-0: Ball
2-0: Foul Ball, location: 5F
2-1: Ball
3-1: Base on Balls
Pitching: RHP Pedro Flores
Batting: RHB Jason Perilli 0-0: Fly out, F9 (Flyball, 9LM, EV 105.0 MPH)
Batting: SHB Pablo Cuevas 0-0: Ground out 5-3 (Groundball, 56, EV 100.6 MPH)
Bottom of the 2nd over - 2 runs, 2 hits, 0 errors, 2 left on base; Tulsa 0 - Frisco 2
TOP OF THE 3RD
Tulsa Drillers batting - Pitching for Frisco RoughRiders : RHP Arturo Segura
Batting: RHB Ryan Gaines 0-0: Called Strike
0-1: Foul Ball, location: 2F
0-2: Ball
1-2: Fly out, F8 (Flyball, 8RXD, EV 98.8 MPH)
Batting: RHB Joe Jarosz 0-0: Called Strike
0-1: Ball
1-1: Called Strike
1-2: SOLO HOME RUN (Flyball, 78XD, EV 107.5 MPH), Distance : 449 ft
Batting: LHB Tim Moore 0-0: Ball
1-0: SINGLE (Line Drive, 89S, EV 103.8 MPH)
Batting: LHB Mike Saunders 0-0: Ball
1-0: Foul Ball, location: 2F
1-1: Ball
Tim Moore steals 2nd base
2-1: Ball
3-1: Called Strike
3-2: Ground out U3 (Groundball, 3, EV 81.3 MPH)
Tim Moore to third
Batting: RHB Matt Pettit 0-0: Ball
1-0: Foul Ball, location: 5FF
1-1: Foul Ball, location: 2F
1-2: Ball
2-2: Foul Ball, location: 7LSF
2-2: Strikes out swinging
Top of the 3rd over - 1 run, 2 hits, 0 errors, 1 left on base; Tulsa 1 - Frisco 2
BOTTOM OF THE 3RD
Frisco RoughRiders batting - Pitching for Tulsa Drillers : RHP Pedro Flores
Batting: LHB Paul Rodriguez 0-0: Ball
1-0: Ball
2-0: Ball
3-0: Fly out, F8 (Line Drive, 8LM, EV 93.8 MPH)
Batting: RHB Mark Bray 0-0: Swinging Strike
0-1: Ball
1-1: SINGLE (Line Drive, 9S, EV 103.8 MPH)
Batting: RHB Bryan Shewmaker 0-0: Ball
1-0: Called Strike
1-1: DOUBLE (Groundball, 5L, EV 103.1 MPH)
Mark Bray to third
Runner from 3rd tries for Home, SAFE, no throw by LF
Batting: RHB Joe Keyser 0-0: Called Strike
0-1: Ball
1-1: Foul Ball, location: 9LDF
1-2: Hit by Pitch
Batting: LHB Jaden White 0-0: Ball
1-0: Foul Ball, location: 2F
1-1: Ball
2-1: Swinging Strike
2-2: Strikes out swinging
Batting: RHB Edgar Rodriguez 0-0: Ball
1-0: Ball
2-0: Swinging Strike
2-1: Foul Ball, location: 5F
2-2: Ball
3-2: Strikes out swinging
Bottom of the 3rd over - 1 run, 2 hits, 0 errors, 2 left on base; Tulsa 1 - Frisco 3
TOP OF THE 4TH
Tulsa Drillers batting - Pitching for Frisco RoughRiders : RHP Arturo Segura
Batting: LHB Russ Henson 0-0: Fly out, F8 (Flyball, 78D, EV 98.8 MPH)
Batting: LHB Greg Schlitt 0-0: Fly out, F8 (Flyball, 8LD, EV 102.5 MPH)
Batting: RHB Mike Buckner 0-0: Foul Ball, location: 2F
0-1: Ball
1-1: SINGLE (Line Drive, 7S, EV 104.4 MPH)
Batting: LHB Aaron Himebauch 0-0: Swinging Strike
0-1: SINGLE (Line Drive, 34D, EV 103.1 MPH)
Mike Buckner to second
Runner from 2nd tries for 3rd, SAFE, throw by RF made to third
Batting: RHB Ryan Gaines 0-0: Foul Ball, location: 7LSF
0-1: Foul Ball, location: 2F
0-2: Foul Ball, location: 9LMF
0-2: Foul Ball, location: 2LF
0-2: Strikes out looking
Top of the 4th over - 0 runs, 2 hits, 0 errors, 2 left on base; Tulsa 1 - Frisco 3
BOTTOM OF THE 4TH
Frisco RoughRiders batting - Pitching for Tulsa Drillers : RHP Pedro Flores
Batting: RHB Zach Baltzell 0-0: Fly out, F9 (Flyball, 9S, EV 90.6 MPH)
Batting: RHB Jason Perilli 0-0: Ball
1-0: Called Strike
1-1: Ball
2-1: Called Strike
2-2: Ball
3-2: Base on Balls
Batting: SHB Pablo Cuevas 0-0: Ball
1-0: Foul Ball, location: 7LMF
1-1: Swinging Strike
1-2: SINGLE (Groundball, 56D, EV 98.1 MPH)
Jason Perilli to second
Batting: LHB Paul Rodriguez 0-0: Called Strike
0-1: Fly out, F8 (Flyball, 8LD, EV 105.0 MPH)
Batting: RHB Mark Bray 0-0: Called Strike
0-1: Ball
1-1: Ground out 2-3 (Groundball, 15S, EV 63.8 MPH)
Bottom of the 4th over - 0 runs, 1 hit, 0 errors, 2 left on base; Tulsa 1 - Frisco 3
TOP OF THE 5TH
Tulsa Drillers batting - Pitching for Frisco RoughRiders : RHP Arturo Segura
Batting: RHB Joe Jarosz 0-0: Ball
1-0: Called Strike
1-1: Ball
2-1: Foul Ball, location: 9LSF
2-2: Ball
3-2: Foul Ball, location: 2F
3-2: Ground out U3 (Groundball, 3, EV 101.9 MPH)
Batting: LHB Tim Moore 0-0: Ball
1-0: Foul Ball, location: 9LSF
1-1: Called Strike
1-2: Ball
2-2: Ball
3-2: Ground out 6-3 (Groundball, 6MS, EV 64.4 MPH)
Batting: LHB Mike Saunders 0-0: Ball
1-0: Fly out, F3 (Popup, 3F, EV 73.1 MPH)
Top of the 5th over - 0 runs, 0 hits, 0 errors, 0 left on base; Tulsa 1 - Frisco 3
BOTTOM OF THE 5TH
Frisco RoughRiders batting - Pitching for Tulsa Drillers : RHP Pedro Flores
Batting: RHB Bryan Shewmaker 0-0: Called Strike
0-1: Ball
1-1: Ground out 6-3 (Groundball, 56D, EV 100.6 MPH)
Batting: RHB Joe Keyser 0-0: Called Strike
0-1: Ball
1-1: Ball
2-1: DOUBLE (Line Drive, 7LD, EV 111.3 MPH)
Batting: LHB Jaden White 0-0: Intentional Walk
Batting: RHB Edgar Rodriguez 0-0: Called Strike
0-1: Swinging Strike
0-2: Strikes out looking
Batting: RHB Zach Baltzell 0-0: SINGLE (Line Drive, 6MD, EV 95.6 MPH)
Joe Keyser to third
Jaden White to second
Runner from 3rd tries for Home, SAFE, throw by CF to home
Batting: RHB Jason Perilli 0-0: Called Strike
0-1: SINGLE (Groundball, 4D, EV 102.5 MPH)
Jaden White to third
Zach Baltzell to second
Runner from 3rd tries for Home, SAFE, throw by CF to home
Pitching: RHP Chris Getchell
Batting: SHB Pablo Cuevas 0-0: Ground out U3 (Groundball, 34S, EV 86.3 MPH)
Bottom of the 5th over - 2 runs, 3 hits, 0 errors, 2 left on base; Tulsa 1 - Frisco 5
TOP OF THE 6TH
Tulsa Drillers batting - Pitching for Frisco RoughRiders : RHP Arturo Segura
Batting: RHB Matt Pettit 0-0: Ball
1-0: Foul Ball, location: 5DF
1-1: Foul Ball, location: 9LSF
1-2: Fly out, F6 (Popup, 4M, EV 63.8 MPH)
Batting: LHB Russ Henson 0-0: SINGLE (Line Drive, 9LS, EV 90.0 MPH)
Batting: LHB Greg Schlitt 0-0: Ball
1-0: Called Strike
1-1: Ball
Russ Henson steals 2nd base
2-1: Foul Ball, location: 2F
2-2: Ball
3-2: Strikes out swinging
Batting: RHB Mike Buckner 0-0: Foul Ball, location: 2F
0-1: Fly out, F7 (Flyball, 7, EV 90.6 MPH)
Top of the 6th over - 0 runs, 1 hit, 0 errors, 1 left on base; Tulsa 1 - Frisco 5
BOTTOM OF THE 6TH
Frisco RoughRiders batting - Pitching for Tulsa Drillers : RHP Chris Getchell
Batting: LHB Paul Rodriguez 0-0: Ball
1-0: Swinging Strike
1-1: Foul Ball, location: 7LSF
1-2: Strikes out looking
Batting: RHB Mark Bray 0-0: Ball
1-0: SINGLE (Flyball, 9LS, EV 85.0 MPH)
Batting: RHB Bryan Shewmaker 0-0: Called Strike
0-1: Called Strike
0-2: Strikes out swinging
Batting: RHB Joe Keyser 0-0: Ball
1-0: Ball
2-0: Called Strike
2-1: Called Strike
2-2: Fly out, F9 (Flyball, 9, EV 96.3 MPH)
Bottom of the 6th over - 0 runs, 1 hit, 0 errors, 1 left on base; Tulsa 1 - Frisco 5
TOP OF THE 7TH
Tulsa Drillers batting - Pitching for Frisco RoughRiders : RHP Arturo Segura
Batting: LHB Aaron Himebauch 0-0: Ball
1-0: Fly out, F7 (Flyball, 7, EV 92.5 MPH)
Batting: RHB Ryan Gaines 0-0: SINGLE (Line Drive, 7LS, EV 103.8 MPH)
Batting: RHB Joe Jarosz 0-0: Swinging Strike
0-1: Ball
1-1: Foul Ball, location: 2F
1-2: Strikes out swinging
Batting: LHB Tim Moore 0-0: Ball
1-0: Ball
2-0: Called Strike
2-1: Ball
3-1: Called Strike
3-2: Strikes out swinging
Top of the 7th over - 0 runs, 1 hit, 0 errors, 1 left on base; Tulsa 1 - Frisco 5
BOTTOM OF THE 7TH
Frisco RoughRiders batting - Pitching for Tulsa Drillers : RHP Chris Getchell
Batting: LHB Jaden White 0-0: Ground out U3 (Groundball, 3, EV 86.3 MPH)
Batting: RHB Edgar Rodriguez 0-0: Swinging Strike
0-1: Ball
1-1: Swinging Strike
1-2: Ball
2-2: Ball
3-2: Strikes out swinging
Batting: RHB Zach Baltzell 0-0: Ball
1-0: Ground out 6-3 (Groundball, 6M, EV 103.1 MPH)
Bottom of the 7th over - 0 runs, 0 hits, 0 errors, 0 left on base; Tulsa 1 - Frisco 5
TOP OF THE 8TH
Tulsa Drillers batting - Pitching for Frisco RoughRiders : RHP Arturo Segura
Batting: LHB Mike Saunders 0-0: Called Strike
0-1: Ball
1-1: Ball
2-1: Ball
3-1: Base on Balls
Pitching: RHP Robby Pritzl
Batting: RHB Matt Pettit 0-0: Called Strike
0-1: Swinging Strike
0-2: Ball
1-2: Fly out, F4 (Popup, 23, EV 91.3 MPH)
Batting: LHB Russ Henson 0-0: 2-RUN HOME RUN (Line Drive, 78XD, EV 113.1 MPH), Distance : 457 ft
Pitching: RHP Carlos Figueroa
Batting: LHB Greg Schlitt 0-0: Ball
1-0: SOLO HOME RUN (Flyball, 89XD, EV 113.1 MPH), Distance : 440 ft
Pinch Hitting: LHB Marc Schultz 0-0: Ball
1-0: Called Strike
1-1: Swinging Strike
1-2: Foul Ball, location: 23F
1-2: Ground out 6-3 (Groundball, 6, EV 106.9 MPH)
Batting: LHB Aaron Himebauch 0-0: Swinging Strike
0-1: Ball
1-1: Fly out, F7 (Flyball, 7LSF, EV 85.0 MPH)
Top of the 8th over - 3 runs, 2 hits, 0 errors, 0 left on base; Tulsa 4 - Frisco 5
BOTTOM OF THE 8TH
Frisco RoughRiders batting - Pitching for Tulsa Drillers : RHP Chris Getchell
Now at 2B: Luis Flores
Batting: RHB Jason Perilli 0-0: SINGLE (Line Drive, 34D, EV 105.6 MPH)
Batting: SHB Pablo Cuevas 0-0: Called Strike
0-1: Ball
1-1: Foul Ball, location: 7LMF
1-2: Ball
2-2: Ball
3-2: Grounds into double play, 4-6-3 (Groundball, 4M, EV 102.5 MPH)
Batting: LHB Paul Rodriguez 0-0: Foul Ball, location: 2F
0-1: Ball
1-1: Called Strike
1-2: SOLO HOME RUN (Flyball, 89XD, EV 111.9 MPH), Distance : 439 ft
Batting: RHB Mark Bray 0-0: Swinging Strike
0-1: Ball
1-1: Swinging Strike
1-2: Strikes out swinging
Bottom of the 8th over - 1 run, 2 hits, 0 errors, 0 left on base; Tulsa 4 - Frisco 6
TOP OF THE 9TH
Tulsa Drillers batting - Pitching for Frisco RoughRiders : RHP Carlos Figueroa
Now in RF: Corey Jackson
Batting: RHB Ryan Gaines 0-0: Swinging Strike
0-1: Ball
1-1: Swinging Strike
1-2: Ball
2-2: Ball
3-2: SINGLE (Groundball, 56D, EV 98.8 MPH)
Pinch Hitting: LHB Blake Marez 0-0: Ball
1-0: Called Strike
1-1: Foul Ball, location: 9LSF
1-2: Ball
2-2: Ball
3-2: Foul Ball, location: 2RF
3-2: TRIPLE (Flyball, 89XD, EV 105.0 MPH)
Ryan Gaines scores
Batting: LHB Tim Moore 0-0: Called Strike
0-1: Ball
1-1: Ball
2-1: Foul Ball, location: 3F
2-2: Ball
3-2: Strikes out swinging
Batting: LHB Mike Saunders 0-0: Ball
1-0: Foul Ball, location: 7LSF
1-1: Ball
2-1: Ball
3-1: Base on Balls
Batting: RHB Matt Pettit 0-0: Called Strike
0-1: Foul Ball, location: 7LDF
0-2: Ball
1-2: Fly out, F4 (Popup, 34D, EV 65.6 MPH)
Pitching: RHP Randy Roberts
Batting: LHB Russ Henson 0-0: Called Strike
0-1: Called Strike
0-2: Fly out, F2 (Popup, 25F, EV 83.8 MPH)
Top of the 9th over - 1 run, 2 hits, 0 errors, 2 left on base; Tulsa 5 - Frisco 6
Saturday, May 11th , 2024 - OOTP Baseball 24.11 Build 85